 Dungeon Crawl Stone Soup version 0.22.1-1-ga44c0e56f4 (webtiles) character file.

623 JOKERXD40 the Chopper (level 7, -5/61 HPs)
             Began as a Minotaur Berserker on Oct 26, 2018.
             Was a Priest of Trog.
             Slain by an orc warrior
             ... wielding a +0 halberd
              (14 damage)
             ... on level 4 of the Dungeon.
             The game lasted 00:06:51 (2486 turns).

JOKERXD40 the Chopper (Minotaur Berserker)          Turns: 2486, Time: 00:06:52

Health: -5/61      AC:  7    Str: 23    XL:     7   Next: 22%
Magic:  6/6        EV: 12    Int:  4    God:    Trog [***...]
Gold:   173        SH:  0    Dex: 10    Spells: 6/6 levels left

rFire    . . .     SeeInvis .   a - +0 hand axe
rCold    + . .     Gourm    .   (no shield)
rNeg     . . .     Faith    .   s - +1 ring mail {rPois}
rPois    +         Spirit   .   (helmet restricted)
rElec    .         Reflect  .   (no cloak)
rCorr    .         Harm     .   (no gloves)
MR       .....                  (no boots)
Stlth    +.........             (no amulet)
HPRegen  0.20/turn              i - ring of protection from cold
MPRegen  0.10/turn              (no ring)

@: no status effects
A: retaliatory headbutt, horns 2
a: Berserk, Trog's Hand, Renounce Religion


You were on level 4 of the Dungeon.
You worshipped Trog.
Trog was most pleased with you.
You were very hungry.

You visited 1 branch of the dungeon, and saw 4 of its levels.

You collected 173 gold pieces.

Inventory:

Hand Weapons
 a - a +0 hand axe (weapon)
Missiles
 f - 16 stones (quivered)
Armour
 s - a +1 ring mail of poison resistance (worn)
Jewellery
 i - a ring of protection from cold (left hand)
Scrolls
 b - 2 scrolls of magic mapping {unknown}
 d - 4 scrolls of identify {unknown}
 e - 2 scrolls of enchant armour {unknown}
 h - 6 scrolls of blinking {unknown}
 k - a scroll of amnesia {unknown}
 q - 2 scrolls of teleportation {unknown}
 t - a scroll of remove curse {unknown}
Potions
 g - 2 potions of heal wounds {unknown}
 j - 2 potions of curing {unknown}
 l - a potion of invisibility {unknown}
 m - a potion of degeneration {unknown}
 n - a potion of lignification {unknown}
 o - a potion of might {unknown}
 p - a potion of ambrosia {unknown}
 r - a potion of mutation {unknown}
Comestibles
 c - 6 rations


   Skills:
 + Level 5.3 Fighting
 + Level 7.1 Axes
 + Level 1.0 Throwing
 + Level 5.4 Armour
 + Level 3.2 Dodging
 + Level 0.3 Stealth


You had 6 spell levels left.
You didn't know any spells.
Your spell library was empty.

Dungeon Overview and Level Annotations

Branches:
Dungeon (4/15)
 Temple: D:4-7

Altars:
Elyvilon
Gozag
Kikubaaqudgha
Nemelex Xobeh
Wu Jian


Innate Abilities, Weirdness & Mutations

You reflexively headbutt those who attack you in melee.
You have a pair of horns on your head.


Message History

You are too injured to fight recklessly!
Unknown command.
You hit the orc.
The orc is lightly wounded.
The orc warrior hits you from afar with a halberd!
* * * LOW HITPOINT WARNING * * *
The orc closely misses you.
You hit the orc but do no damage.
The orc is lightly wounded.
The orc warrior closely misses you.
You hit the orc but do no damage.
The orc is lightly wounded.
The orc barely misses you. You furiously retaliate!
You headbutt the orc. You hit the orc.
You kill the orc!
Trog accepts your kill.
The orc warrior hits you from afar with a halberd.
* * * LOW HITPOINT WARNING * * *
The orc warrior hits you with a halberd!
You die...

.......... #.# #[.. #.#
#.#. #.# #.†. #.#
#####.# #.# #......
#######.# #.###.#
#......o# #.# #.# #@#
#.# #.# #)# #.# #.# #.#
#># #.#
#.##########.###.#
#.................
####.##########.##...
##....................
...........###.###......
#.##.####)..##.#####.##.


You could see an orc warrior.

Vanquished Creatures
  3 ogres
  A jelly (D:3)
  A hound (D:4)
  2 orc priests
  Jessica (D:2)
  An iguana (D:4)
  2 orc wizards
  A worker ant (D:4)
  5 adders
  An ooze (D:2)
  3 worms (D:3)
  A leopard gecko (D:3)
  10 orcs
  4 giant cockroaches
  3 goblins (D:3)
  5 hobgoblins
  8 jackals
  4 kobolds
  3 quokkas
  4 bats
  A quokka skeleton (D:4)
  6 rats
70 creatures vanquished.

Notes
Turn   | Place    | Note
-------+----------+-------------------------------------------
     0 | D:1      | JOKERXD40 the Minotaur Berserker began the quest for the
                  | Orb.
     0 | D:1      | Reached XP level 1. HP: 19/19 MP: 0/0
   208 | D:1      | Reached skill level 4 in Axes
   208 | D:1      | Reached XP level 2. HP: 26/27 MP: 1/1
   613 | D:2      | Found an ancient bone altar of Kikubaaqudgha.
   614 | D:2      | Noticed Jessica
   618 | D:2      | Killed Jessica
   618 | D:2      | Reached XP level 3. HP: 33/33 MP: 2/2
   779 | D:2      | Found an opulent altar of Gozag.
  1218 | D:3      | Reached XP level 4. HP: 37/41 MP: 3/3
  1241 | D:3      | Reached skill level 5 in Axes
  1294 | D:3      | Reached ** piety under Trog
  1296 | D:3      | Reached XP level 5. HP: 40/47 MP: 4/4
  1407 | D:3      | Found an ornate altar of the Wu Jian Council.
  1454 | D:3      | Found a white marble altar of Elyvilon.
  1861 | D:3      | Reached skill level 6 in Axes
  1870 | D:3      | Found a sparkling altar of Nemelex Xobeh.
  1977 | D:4      | Noticed an ogre
  1979 | D:4      | Noticed an ogre
  1992 | D:3      | Killed an ogre
  1992 | D:3      | Reached skill level 5 in Fighting
  1992 | D:3      | Reached XP level 6. HP: 21/56 MP: 5/5
  2364 | D:4      | Reached skill level 5 in Armour
  2367 | D:4      | Reached *** piety under Trog
  2367 | D:4      | Reached skill level 1 in Throwing
  2367 | D:4      | Reached XP level 7. HP: 61/61 MP: 6/6
  2467 | D:4      | Reached skill level 7 in Axes
  2486 | D:4      | Slain by an orc warrior

Skill      XL: |  1  2  3  4  5  6  7 |
---------------+----------------------+-----
Axes           | 4 5 6 7 |  7.1
Fighting       | 4 5 |  5.3
Armour         | 3 4 5 |  5.4
Dodging        | 3 |  3.2
Throwing       | 1 |  1.0
Stealth        | |  0.3

Action                   |  1- 3 |  4- 6 |  7- 9 || total
-------------------------+-------+-------+-------++-------
Melee: Hand axe          |    29 |    97 |    19 ||   145
       Headbutt          |     5 |    18 |     4 ||    27
Throw: Stone             |       |     6 |       ||     6
Invok: Berserk           |       |     1 |       ||     1
  Eat: Chunk             |       |     5 |       ||     5
Armor: Animal skin       |     4 |       |       ||     4
       Ring mail         |     2 |    15 |     4 ||    21
       Scale mail        |       |    18 |       ||    18
Dodge: Dodged            |    20 |    48 |     9 ||    77
